 Dungeon Crawl Stone Soup version 0.31.0-32-g396128a36d (webtiles) character file.

Game seed: 5248467411867499496

322 0gre the Chiller (level 6, -2/44 HPs)
             Began as a Gnoll Ice Elementalist on Apr 6, 2024.
             Killed from afar by Fractals's ghost (6 damage)
             ... with a magic dart
             ... on level 3 of the Dungeon.
             The game lasted 00:10:36 (2501 turns).

0gre the Chiller (Gnoll Ice Elementalist)           Turns: 2501, Time: 00:10:37

Health: -2/44      AC:  4    Str:  3    XL:     6   Next: 47%
Magic:  10/14      EV: 15    Int: 14    God:
Gold:   107        SH:  0    Dex: 20    Spells: 11/15 levels left

rFire   . . .        d - +6 flail of the Reaper {venom, Str-4 Dex+5}
rCold   . . .        (no shield)
rNeg    . . .        q - +0 robe
rPois   .            k - +0 helmet
rElec   .            (no cloak)
rCorr   .            o - +0 pair of gloves
SInv    .            (no boots)
Will    .....        (no amulet)
Stlth   +++          (no ring)
HPRegen 0.27/turn    (no ring)
MPRegen 0.14/turn

%: no passive effects
@: lethally poisoned (-2 -> -7), freezing walls
A: fangs 1, strong nose, distributed training
a: no special abilities


You were on level 3 of the Dungeon.
You visited 1 branch of the dungeon, and saw 3 of its levels.

You collected 107 gold pieces.

Inventory:

Hand Weapons
 a - a +0 falchion
 d - the +6 flail of the Reaper (weapon) {venom, Str-4 Dex+5}
   (You found it on level 3 of the Dungeon)

   Str-4:     It affects your strength (-4).
   Dex+5:     It affects your dexterity (+5).
Armour
 k - a +0 helmet (worn)
 o - a +0 pair of gloves (worn)
 q - a +0 robe (worn)
Scrolls
 e - a scroll of immolation {unknown}
 f - a scroll of fear {unknown}
 g - a scroll of revelation {unknown}
 h - 5 scrolls of identify {unknown}
 i - 2 scrolls of blinking {unknown}
 l - a scroll of silence {unknown}
 m - a scroll of teleportation {unknown}
Potions
 b - a potion of magic
 c - a potion of attraction {unknown}
 j - 2 potions of might {unknown}
 n - 2 potions of lignification {unknown}
 p - a potion of invisibility {unknown}


   Skills:
 + Level 2.0 Fighting
 + Level 2.0 Short Blades
 + Level 2.0 Long Blades
 + Level 2.0 Axes
 + Level 2.0 Maces & Flails
 + Level 2.0 Polearms
 + Level 2.0 Staves
 + Level 2.0 Ranged Weapons
 + Level 2.0 Throwing
 + Level 2.0 Armour
 + Level 5.0 Dodging
 + Level 4.6 Stealth
 + Level 2.0 Shields
 + Level 2.0 Unarmed Combat
 + Level 5.4 Spellcasting
 + Level 1.6 Conjurations
 + Level 1.6 Hexes
 + Level 1.6 Summonings
 + Level 1.6 Necromancy
 + Level 1.6 Translocations
 + Level 1.6 Fire Magic
 + Level 7.3 Ice Magic
 + Level 1.6 Air Magic
 + Level 1.6 Earth Magic
 + Level 1.6 Alchemy
 + Level 2.2 Invocations
 + Level 2.0 Evocations
 + Level 1.8 Shapeshifting


You had 11 spell levels left.
You knew the following spells:

 Your Spells              Type           Power      Damage    Failure   Level
a - Freeze                Ice            96%        1d10      1%          1
b - Frozen Ramparts       Ice            48%        1d8       2%          3

Your spell library contained the following spells:

 Spells                   Type           Power      Damage    Failure   Level
 Ozocubu's Armour         Ice            24%        N/A       2%          3
 Summon Ice Beast         Ice/Summ       16%        N/A       8%          3
 Mercury Vapours          Alch/Air       16%        N/A       13%         2
 Mephitic Cloud           Conj/Alch/Air  8%         N/A       26%         3
 Freezing Cloud           Conj/Ice/Air   6%         6-21      73%         5


Dungeon Overview and Level Annotations

Branches:
Dungeon (3/15)

Altars:
Cheibriados

Annotations:
D:3 Fractals's ghost, amateur TeCj


Innate Abilities, Weirdness & Mutations

You have very sharp teeth.
Your uncanny sense of smell can sniff out nearby items.
Your experience applies equally to all skills.


Message History

You are more poisoned.
You miss Fractals's ghost.
Fractals's ghost is moderately damaged.
You feel very sick.
Fractals's ghost gestures at you while chanting.
The magic dart hits you. Fractals's ghost closely misses you.
You completely miss Fractals's ghost.
Fractals's ghost is moderately damaged.
You feel very sick. Fractals's ghost hits you.
You completely miss Fractals's ghost.
Fractals's ghost is moderately damaged.
You feel very sick.
Fractals's ghost hits you but does no damage.
You are more poisoned.
Casting: Frozen Ramparts (dangerous; 2% risk of failure)
Confirm with . or Enter, or press ? or * to list all spells.
Casting: Frozen Ramparts (dangerous; 2% risk of failure)
Press: ? - help, Dir - look around, f - activate The walls around you are covered in ice.
You feel very sick.
Fractals's ghost resists.
The wall freezes Fractals's ghost.
Fractals's ghost closely misses you.
You thump Fractals's ghost!
Fractals's ghost is severely damaged.
You feel sick.
Fractals's ghost resists.
The wall freezes Fractals's ghost.
Fractals's ghost casts a spell at you. The magic dart hits you!
* * * LOW HITPOINT WARNING * * *
You barely miss Fractals's ghost. Your bite misses Fractals's ghost.
Fractals's ghost is severely damaged.
* * * LOW HITPOINT WARNING * * *
You feel sick.
Fractals's ghost resists.
The wall freezes Fractals's ghost.
Fractals's ghost points at you and mumbles some strange words.
The magic dart hits you.
* * * LOW HITPOINT WARNING * * *
Fractals's ghost resists.
The wall freezes Fractals's ghost.
Fractals's ghost points at you and mumbles some strange words.
The magic dart hits you.
You die...

.............# #...#
.............# #...#
.............# #...#
#########....# #...# 8##
#....# #...## ..8
8##....###....# ...
.########...#.# ...
._#........####### ...
.##.......@W~~~~?~##### ..8
8##........########...# 8##
#.........#......†..#
#########...#..####.........#
#...#.##...#.## #.........#
##.....##...#.# #.#.#.#####
......#.....#.# #...#..##
........#.....# ##..##..#
......###...### #..###.#


You could see Fractals's ghost.

Vanquished Creatures
  A bullfrog (D:3)
  2 orc priests (D:3)
  An orc wizard (D:3)
  8 adders
  A gnoll (D:1)
  3 dart slugs
  2 ribbon worms (D:2)
  8 orcs (D:3)
  7 ball pythons
  6 endoplasms
  5 giant cockroaches
  3 goblins
  6 hobgoblins
  5 jackals (D:1)
  5 kobolds
  A quokka (D:2)
  6 bats
  5 frilled lizards
  7 rats
82 creatures vanquished.

Notes
Turn   | Place    | Note
-------+----------+-------------------------------------------
     0 | D:1      | 0gre the Gnoll Ice Elementalist began the quest for the
                  | Orb.
     0 | D:1      | Reached XP level 1. HP: 13/13 MP: 6/6
    59 | D:1      | Reached XP level 2. HP: 16/19 MP: 2/7
   321 | D:1      | Reached skill level 5 in Spellcasting
   321 | D:1      | Reached XP level 3. HP: 25/25 MP: 7/9
   583 | D:1      | Learned a level 3 spell: Frozen Ramparts
   586 | D:1      | Reached skill level 1 in Invocations
   756 | D:1      | Reached skill level 1 in Fighting
   756 | D:1      | Reached skill level 1 in Short Blades
   756 | D:1      | Reached skill level 1 in Long Blades
   756 | D:1      | Reached skill level 1 in Axes
   756 | D:1      | Reached skill level 1 in Maces & Flails
   756 | D:1      | Reached skill level 1 in Polearms
   756 | D:1      | Reached skill level 1 in Staves
   756 | D:1      | Reached skill level 1 in Ranged Weapons
   756 | D:1      | Reached skill level 1 in Throwing
   756 | D:1      | Reached skill level 1 in Armour
   756 | D:1      | Reached skill level 1 in Shields
   756 | D:1      | Reached skill level 1 in Unarmed Combat
   756 | D:1      | Reached skill level 1 in Evocations
  1022 | D:2      | Reached skill level 1 in Shapeshifting
  1022 | D:2      | Reached XP level 4. HP: 31/32 MP: 7/11
  1203 | D:2      | Reached skill level 1 in Conjurations
  1203 | D:2      | Reached skill level 1 in Hexes
  1203 | D:2      | Reached skill level 1 in Summonings
  1203 | D:2      | Reached skill level 1 in Necromancy
  1203 | D:2      | Reached skill level 1 in Translocations
  1203 | D:2      | Reached skill level 1 in Fire Magic
  1203 | D:2      | Reached skill level 1 in Air Magic
  1203 | D:2      | Reached skill level 1 in Earth Magic
  1203 | D:2      | Reached skill level 1 in Alchemy
  1563 | D:2      | Reached XP level 5. HP: 34/37 MP: 8/12
  2096 | D:3      | Found a snail-covered altar of Cheibriados.
  2096 | D:3      | Identified the +6 flail of the Reaper {venom, Str-4 Dex+5}
  2297 | D:3      | Reached XP level 6. HP: 42/44 MP: 11/13
  2345 | D:3      | Found a runed translucent door.
  2347 | D:3      | Noticed Fractals's ghost (amateur TeCj)
  2492 | D:3      | Reached skill level 5 in Dodging
  2501 | D:3      | Killed from afar by Fractals's ghost

Illustrated notes

Levels and vault maps discovered:
D:1:      mrwooster_arrival_statue_3, layout_basic, minmay_splitting_lines,
          grunt_decor_arrowhead, minmay_misc_feat_diagonals
D:2:      minmay_angry_zag, layout_rooms, serial_co_window_serial,
          co_window_corner_a, co_window_paths_a, co_window_paths_b,
          co_window_paths_a, co_window_corner_a, co_window_paths_a,
          co_window_cross_1, co_window_cross_2, co_window_broadway_c,
          co_window_paths_c, co_window_2corner, co_window_of_opportunity_b,
          co_window_broadway_b
D:3:      layout_rooms, nicolae_overflow_hidden_temple, ebering_ghost_sewer_d

Skill      XL: |  1  2  3  4  5  6 |
---------------+-------------------+-----
Spellcasting   | 5 |  5.4
Invocations    | 1 2 |  2.2
Fighting       | 1 2 |  2.0
Short Blades   | 1 2 |  2.0
Long Blades    | 1 2 |  2.0
Axes           | 1 2 |  2.0
Maces & Flails | 1 2 |  2.0
Polearms       | 1 2 |  2.0
Staves         | 1 2 |  2.0
Ranged Weapons | 1 2 |  2.0
Throwing       | 1 2 |  2.0
Armour         | 1 2 |  2.0
Shields        | 1 2 |  2.0
Unarmed Combat | 1 2 |  2.0
Evocations     | 1 2 |  2.0
Shapeshifting  | 1 |  1.8
Conjurations   | 1 |  1.6
Hexes          | 1 |  1.6
Summonings     | 1 |  1.6
Necromancy     | 1 |  1.6
Translocations | 1 |  1.6
Fire Magic     | 1 |  1.6
Air Magic      | 1 |  1.6
Earth Magic    | 1 |  1.6
Alchemy        | 1 |  1.6
Dodging        | 5 |  5.0
Stealth        | |  4.6
Ice Magic      | |  7.3

Action                     |  1- 3 |  4- 6 || total
---------------------------+-------+-------++-------
  Melee: Falchion          |    49 |    86 ||   135
         Unarmed           |    13 |       ||    13
         Bite              |    13 |     9 ||    22
         Punch             |     1 |       ||     1
         Flail             |       |    11 ||    11
   Cast: Freeze            |    23 |     1 ||    24
         Frozen Ramparts   |     2 |    10 ||    12
   Stab: Sleeping          |     5 |    10 ||    15
 Armour: Robe              |    34 |    39 ||    73
  Dodge: Dodged            |    66 |    50 ||   116
